TOP OF THE 1ST |
Buffalo Bisons batting - Pitching for Nashville Sounds : RHP Victor Sanchez
|
Pitching: RHP Victor Sanchez
|
|
Batting: SHB Bran Stark
|
0-0: Ball 1-0: Called Strike 1-1: Swinging Strike 1-2: Strikes out swinging
|
Batting: RHB Alex Ramos
|
0-0: Called Strike 0-1: Foul Ball, location: 2F 0-2: Ground out 6-3 (Groundball, 6, EV 105.0 MPH)
|
Batting: RHB Jeff Garofalo
|
0-0: Ball 1-0: Foul Ball, location: 2F 1-1: Foul Ball, location: 2F 1-2: Ball 2-2: Ball 3-2: Ground out 5-3 (Groundball, 5S, EV 68.8 MPH)
|
Top of the 1st over - 0 runs, 0 hits, 0 errors, 0 left on base; Buffalo 0 - Nashville 0 |
BOTTOM OF THE 1ST |
Nashville Sounds batting - Pitching for Buffalo Bisons : RHP Art Nobles
|
Pitching: RHP Art Nobles
|
|
Batting: SHB Robert Santiago
|
0-0: Ball 1-0: Ground out 3-1 (Groundball, 34S, EV 85.6 MPH)
|
Batting: LHB Tomas Segarra
|
0-0: Called Strike 0-1: Swinging Strike 0-2: Reached on error, E6 (Groundball, 6, EV 79.4 MPH)
|
Batting: RHB Tim Cordle
|
0-0: Ball 1-0: SINGLE (Groundball, 56D, EV 94.4 MPH) Tomas Segarra to third Runner from 3rd tries for Home, SAFE, throw by LF to home
|
Batting: RHB David Herrera
|
0-0: Ball 1-0: Called Strike 1-1: Called Strike 1-2: Strikes out swinging
|
Batting: LHB Gregg Power
|
0-0: Ball 1-0: Foul Ball, location: 2F 1-1: Foul Ball, location: 2F 1-2: Fly out, F7 (Flyball, 78S, EV 90.6 MPH)
|
Bottom of the 1st over - 1 run, 1 hit, 1 error, 1 left on base; Buffalo 0 - Nashville 1 |
TOP OF THE 2ND |
Buffalo Bisons batting - Pitching for Nashville Sounds : RHP Victor Sanchez
|
Batting: RHB Francisco Hernandez
|
0-0: Called Strike 0-1: Foul Ball, location: 2F 0-2: Ball 1-2: Ground out 5-3 (Groundball, 25, EV 87.5 MPH)
|
Batting: RHB Zhi-bin Ou-yang
|
0-0: Ball 1-0: Called Strike 1-1: Fly out, F6 (Popup, 4MS, EV 81.9 MPH)
|
Batting: LHB Jack Bell
|
0-0: Hit by Pitch
|
Batting: RHB Danny Eberhart
|
0-0: Called Strike Jack Bell is caught stealing 2nd base 2-4
|
Top of the 2nd over - 0 runs, 0 hits, 0 errors, 0 left on base; Buffalo 0 - Nashville 1 |
BOTTOM OF THE 2ND |
Nashville Sounds batting - Pitching for Buffalo Bisons : RHP Art Nobles
|
Batting: LHB Al Hernandez
|
0-0: Foul Ball, location: 2F 0-1: Ball 1-1: Swinging Strike 1-2: Fly out, F7 (Flyball, 7D, EV 95.0 MPH)
|
Batting: RHB Wade Diamond
|
0-0: Foul Ball, location: 2F 0-1: Ball 1-1: Ball 2-1: Bunt for hit to P - play at first, batter OUT! 1-3
|
Batting: RHB Yonetoshi Muranaka
|
0-0: Ball 1-0: Ball 2-0: Fly out, F6 (Flyball, 5D, EV 90.0 MPH)
|
Bottom of the 2nd over - 0 runs, 0 hits, 0 errors, 0 left on base; Buffalo 0 - Nashville 1 |
TOP OF THE 3RD |
Buffalo Bisons batting - Pitching for Nashville Sounds : RHP Victor Sanchez
|
Batting: RHB Danny Eberhart
|
0-0: Ball 1-0: Ball 2-0: Fly out, F7 (Flyball, 7, EV 90.0 MPH)
|
Batting: RHB Danny Heyer
|
0-0: Foul Ball, location: 2F 0-1: Swinging Strike 0-2: Strikes out looking
|
Batting: RHB Ben Zeiler
|
0-0: Called Strike 0-1: Ball 1-1: Ball 2-1: SINGLE (Groundball, 56D, EV 97.5 MPH)
|
Batting: SHB Bran Stark
|
0-0: Ball Ben Zeiler steals 2nd base 1-0: Fly out, F7 (Line Drive, 7, EV 110.6 MPH)
|
Top of the 3rd over - 0 runs, 1 hit, 0 errors, 1 left on base; Buffalo 0 - Nashville 1 |
BOTTOM OF THE 3RD |
Nashville Sounds batting - Pitching for Buffalo Bisons : RHP Art Nobles
|
Batting: RHB Tony Crespo
|
0-0: Foul Ball, location: 2F 0-1: Ground out 6-3 (Groundball, 6, EV 88.8 MPH)
|
Batting: SHB Robert Santiago
|
0-0: Ground out U3 (Groundball, 34, EV 106.9 MPH)
|
Batting: LHB Tomas Segarra
|
0-0: Foul Ball, location: 2F 0-1: Ball 1-1: Ball 2-1: Ball 3-1: SINGLE (Groundball, 4M, EV 96.2 MPH) (infield hit)
|
Batting: RHB Tim Cordle
|
0-0: Called Strike 0-1: Fielders Choice at 2nd, 6-4 (Groundball, 6, EV 110.0 MPH)
|
Bottom of the 3rd over - 0 runs, 1 hit, 0 errors, 1 left on base; Buffalo 0 - Nashville 1 |
TOP OF THE 4TH |
Buffalo Bisons batting - Pitching for Nashville Sounds : RHP Victor Sanchez
|
Batting: RHB Alex Ramos
|
0-0: Ball 1-0: Ground out 4-3 (Groundball, 4, EV 86.9 MPH)
|
Batting: RHB Jeff Garofalo
|
0-0: Ball 1-0: Fly out, F8 (Flyball, 8LXD, EV 106.2 MPH)
|
Batting: RHB Francisco Hernandez
|
0-0: Ball 1-0: Ball 2-0: Called Strike 2-1: Swinging Strike 2-2: Ball 3-2: Fly out, F3 (Popup, 3F, EV 66.2 MPH)
|
Top of the 4th over - 0 runs, 0 hits, 0 errors, 0 left on base; Buffalo 0 - Nashville 1 |
BOTTOM OF THE 4TH |
Nashville Sounds batting - Pitching for Buffalo Bisons : RHP Art Nobles
|
Batting: RHB David Herrera
|
0-0: Ball 1-0: Foul Ball, location: 2F 1-1: Ground out 5-3 (Groundball, 56, EV 86.9 MPH)
|
Batting: LHB Gregg Power
|
0-0: Called Strike 0-1: Foul Ball, location: 2F 0-2: Foul Ball, location: 2F 0-2: Strikes out looking
|
Batting: LHB Al Hernandez
|
0-0: Foul Ball, location: 2F 0-1: SINGLE (Groundball, 34D, EV 97.5 MPH)
|
Batting: RHB Wade Diamond
|
0-0: Ball 1-0: Ground out 6-3 (Groundball, 6D, EV 106.9 MPH)
|
Bottom of the 4th over - 0 runs, 1 hit, 0 errors, 1 left on base; Buffalo 0 - Nashville 1 |
TOP OF THE 5TH |
Buffalo Bisons batting - Pitching for Nashville Sounds : RHP Victor Sanchez
|
Batting: RHB Zhi-bin Ou-yang
|
0-0: Foul Ball, location: 2F 0-1: Ball 1-1: Swinging Strike 1-2: Ground out 3-1 (Groundball, 34, EV 88.1 MPH)
|
Batting: LHB Jack Bell
|
0-0: Swinging Strike 0-1: Ball 1-1: Swinging Strike 1-2: Strikes out looking
|
Batting: RHB Danny Eberhart
|
0-0: Ball 1-0: Ball 2-0: Foul Ball, location: 2F 2-1: Ball 3-1: Ground out 4-3 (Groundball, 4, EV 102.5 MPH)
|
Top of the 5th over - 0 runs, 0 hits, 0 errors, 0 left on base; Buffalo 0 - Nashville 1 |
BOTTOM OF THE 5TH |
Nashville Sounds batting - Pitching for Buffalo Bisons : RHP Art Nobles
|
Batting: RHB Yonetoshi Muranaka
|
0-0: Ball 1-0: Ball 2-0: Ball 3-0: Called Strike 3-1: Foul Ball, location: 2F 3-2: Foul Ball, location: 2F 3-2: Foul Ball, location: 2F 3-2: DOUBLE (Line Drive, 9LD, EV 112.5 MPH)
|
Batting: RHB Tony Crespo
|
0-0: Ball 1-0: Ball 2-0: Called Strike 2-1: Swinging Strike 2-2: Strikes out swinging
|
Batting: SHB Robert Santiago
|
0-0: Called Strike 0-1: Ball 1-1: Ball 2-1: Ball 3-1: Fly out, F9 (Flyball, 9, EV 86.9 MPH)
|
Batting: LHB Tomas Segarra
|
0-0: Ball 1-0: Ball 2-0: Called Strike 2-1: Ball 3-1: Foul Ball, location: 2F 3-2: Foul Ball, location: 2F 3-2: Ground out 4-3 (Groundball, 4, EV 84.4 MPH)
|
Bottom of the 5th over - 0 runs, 1 hit, 0 errors, 1 left on base; Buffalo 0 - Nashville 1 |
TOP OF THE 6TH |
Buffalo Bisons batting - Pitching for Nashville Sounds : RHP Victor Sanchez
|
Batting: RHB Danny Heyer
|
0-0: Ball 1-0: Ball 2-0: Ball 3-0: Base on Balls
|
Batting: RHB Ben Zeiler
|
0-0: Ball 1-0: Called Strike 1-1: Called Strike Danny Heyer steals 2nd base 1-2: Ground out 6-3 (Groundball, 6, EV 100.6 MPH)
|
Batting: SHB Bran Stark
|
0-0: Ball 1-0: Called Strike 1-1: Called Strike 1-2: Ball 2-2: Ground out U3 (Groundball, 3, EV 100.6 MPH) Danny Heyer to third
|
Batting: RHB Alex Ramos
|
0-0: Called Strike 0-1: Swinging Strike 0-2: Ball 1-2: Ground out 6-3 (Groundball, 6S, EV 71.2 MPH)
|
Top of the 6th over - 0 runs, 0 hits, 0 errors, 1 left on base; Buffalo 0 - Nashville 1 |
BOTTOM OF THE 6TH |
Nashville Sounds batting - Pitching for Buffalo Bisons : RHP Art Nobles
|
Batting: RHB Tim Cordle
|
0-0: Ground out 6-3 (Groundball, 6, EV 101.2 MPH)
|
Batting: RHB David Herrera
|
0-0: Ball 1-0: Ball 2-0: Ball 3-0: Called Strike 3-1: Foul Ball, location: 2F 3-2: Ground out 5-3 (Groundball, 56, EV 101.2 MPH)
|
Batting: LHB Gregg Power
|
0-0: Called Strike 0-1: Ball 1-1: Ball 2-1: SINGLE (Flyball, 56D, EV 93.1 MPH)
|
Batting: LHB Al Hernandez
|
0-0: Ball 1-0: Foul Ball, location: 2F 1-1: Swinging Strike 1-2: Ground out 1-3 (Groundball, 34S, EV 67.5 MPH)
|
Bottom of the 6th over - 0 runs, 1 hit, 0 errors, 1 left on base; Buffalo 0 - Nashville 1 |
TOP OF THE 7TH |
Buffalo Bisons batting - Pitching for Nashville Sounds : RHP Victor Sanchez
|
Batting: RHB Jeff Garofalo
|
0-0: Fly out, F7 (Flyball, 78S, EV 82.5 MPH)
|
Batting: RHB Francisco Hernandez
|
0-0: Called Strike 0-1: Ball 1-1: Called Strike 1-2: Ball 2-2: Ground out 6-3 (Groundball, 6, EV 85.0 MPH)
|
Batting: RHB Zhi-bin Ou-yang
|
0-0: Ground out 5-3 (Groundball, 25, EV 93.8 MPH)
|
Top of the 7th over - 0 runs, 0 hits, 0 errors, 0 left on base; Buffalo 0 - Nashville 1 |
BOTTOM OF THE 7TH |
Nashville Sounds batting - Pitching for Buffalo Bisons : RHP Art Nobles
|
Batting: RHB Wade Diamond
|
0-0: Foul Ball, location: 2F 0-1: SINGLE (Groundball, 4MS, EV 70.0 MPH) (infield hit)
|
Batting: RHB Yonetoshi Muranaka
|
0-0: Grounds into double play, 6-4-3 (Groundball, 6, EV 99.4 MPH)
|
Batting: RHB Tony Crespo
|
0-0: Ground out 1-3 (Groundball, 15S, EV 71.9 MPH)
|
Bottom of the 7th over - 0 runs, 1 hit, 0 errors, 0 left on base; Buffalo 0 - Nashville 1 |
TOP OF THE 8TH |
Buffalo Bisons batting - Pitching for Nashville Sounds : RHP Victor Sanchez
|
Pitching: LHP Katsumi Takaki
|
|
Batting: LHB Jack Bell
|
0-0: Ball 1-0: Called Strike 1-1: Ball 2-1: Ball 3-1: Base on Balls
|
Batting: RHB Danny Eberhart
|
0-0: Ball 1-0: Foul Ball, location: 2F 1-1: SINGLE (Groundball, 4MD, EV 99.4 MPH) Jack Bell to second
|
Batting: RHB Danny Heyer
|
0-0: Ball 1-0: Sac Bunt to 3S - play at first, batter OUT! 3-1 Jack Bell to third Danny Eberhart to second
|
Batting: RHB Ben Zeiler
|
0-0: Called Strike 0-1: Ground out U3 (Groundball, 34S, EV 90.6 MPH)
|
Batting: SHB Bran Stark
|
0-0: Ball 1-0: Called Strike 1-1: Foul Ball, location: 2F 1-2: Ball 2-2: Foul Ball, location: 2F 2-2: Fly out, F8 (Flyball, 8RD, EV 86.9 MPH)
|
Top of the 8th over - 0 runs, 1 hit, 0 errors, 2 left on base; Buffalo 0 - Nashville 1 |
BOTTOM OF THE 8TH |
Nashville Sounds batting - Pitching for Buffalo Bisons : RHP Art Nobles
|
Batting: SHB Robert Santiago
|
0-0: Ball 1-0: Swinging Strike 1-1: Ball 2-1: Foul Ball, location: 2F 2-2: Strikes out swinging
|
Batting: LHB Tomas Segarra
|
0-0: Ball 1-0: Called Strike 1-1: Ball 2-1: Ball 3-1: Foul Ball, location: 2F 3-2: Ground out 6-3 (Groundball, 6, EV 98.8 MPH)
|
Batting: RHB Tim Cordle
|
0-0: Ball 1-0: Fly out, F3 (Line Drive, 3L, EV 82.5 MPH)
|
Bottom of the 8th over - 0 runs, 0 hits, 0 errors, 0 left on base; Buffalo 0 - Nashville 1 |
TOP OF THE 9TH |
Buffalo Bisons batting - Pitching for Nashville Sounds : LHP Katsumi Takaki
|
Pitching: RHP Andrew Douglas
|
|
Now at 1B: Zachary DeLuca
|
|
Batting: RHB Alex Ramos
|
0-0: Called Strike 0-1: Called Strike 0-2: Ball 1-2: Strikes out swinging
|
Batting: LHB Isto Mäyrä
|
0-0: Foul Ball, location: 2F 0-1: Ball 1-1: Ball 2-1: Swinging Strike 2-2: Ball 3-2: Base on Balls
|
Batting: RHB Francisco Hernandez
|
0-0: Ball 1-0: Called Strike 1-1: Foul Ball, location: 2F 1-2: Strikes out swinging
|
Batting: RHB Zhi-bin Ou-yang
|
0-0: Called Strike Isto Mäyrä is caught stealing 2nd base 2-4
|
Top of the 9th over - 0 runs, 0 hits, 0 errors, 0 left on base; Buffalo 0 - Nashville 1 |
|